 Dungeon Crawl Stone Soup version 0.32-a0-791-gfc315c9ecd (webtiles) character file.

Game seed: 14415150411068987725

812 meliss the Chopper (level 7, -1/61 HPs)
             Began as a Mountain Dwarf Fighter on Mar 20, 2024.
             Was a Follower of Zin (penitent).
             Slain by Sigmund
             ... wielding a +2 heavy scythe
              (16 damage)
             ... on level 5 of the Dungeon.
             The game lasted 00:13:59 (5069 turns).

meliss the Chopper (Mountain Dwarf Fighter)         Turns: 5069, Time: 00:14:00

Health: -1/61      AC:  9    Str: 20    XL:     7   Next: 61%
Magic:  7/7        EV:  8    Int:  9    God:    Zin [*.....]
Gold:   244        SH:  8    Dex:  9    Spells: 6/6 levels left

rFire   . . .        b - +0 falchion (holy)
rCold   . . .        B - +0 kite shield
rNeg    . . .        C - +1 ring mail {rPois}
rPois   +            w - +0 helmet
rElec   .            (no cloak)
rCorr   .            n - +0 pair of gloves
SInv    .            (no boots)
Will    .....        q - amulet of magic regeneration Stlth
                     m - +4 ring of slaying
HPRegen 0.30/turn    (no ring)
MPRegen 0.50/turn

%: no passive effects
@: no status effects
A: runic magic, artefact enchanting
a: Renounce Religion, Donate Gold


You were on level 5 of the Dungeon.
You worshipped Zin.
Zin was demanding penance.
You visited 2 branches of the dungeon, and saw 6 of its levels.

You collected 271 gold pieces.
You donated 27 gold pieces to Zin.

Inventory:

Hand Weapons
 b - a +0 falchion of holy wrath (weapon)
 y - the +7 Throatcutter {drain, coup de grace}
   (You found it on level 5 of the Dungeon)

   Zin disapproves of the use of such an item.
Armour
 c - a +4 chain mail of ponderousness
 n - a +0 pair of gloves (worn)
 w - a +0 helmet (worn)
 B - a +0 kite shield (worn)
 C - a +1 ring mail of poison resistance (worn)
Jewellery
 a - a ring of wizardry
 m - a +4 ring of slaying (left hand)
 q - an amulet of magic regeneration (around neck)
 u - a ring of protection from fire
Talismans
 g - a maw talisman
Wands
 z - a wand of mindburst (21)
Scrolls
 h - 4 scrolls of teleportation
 k - a scroll of fog
 o - a scroll of butterflies {unknown}
 r - 3 scrolls of blinking
 s - a scroll of fear {unknown}
 v - 2 scrolls of enchant weapon
 x - a scroll of silence {unknown}
Potions
 e - 2 potions of brilliance
 f - a potion of ambrosia {unknown}
 i - 2 potions of cancellation {unknown}
 j - a potion of curing {unknown}
 l - 2 potions of haste
 p - a potion of attraction {unknown}
 t - a potion of enlightenment {unknown}
 A - a potion of berserk rage {unknown}


   Skills:
 + Level 5.1 Fighting
 + Level 2.0 Long Blades
 + Level 7.4 Axes
 + Level 5.2 Armour
 - Level 0.1 Dodging
 + Level 4.1 Shields


You had 6 spell levels left.
You didn't know any spells.
Your spell library contained the following spells:

 Spells                   Type           Power      Damage    Failure   Level
 Freeze                   Ice            0%         1d3       73%         1
 Ensorcelled Hibernation  Hex/Ice        0%         N/A       86%         2
 Static Discharge         Conj/Air       0%         3-3/arc   86%         2
 Frozen Ramparts          Ice            0%         1d1       97%         3
 Fugue of the Fallen      Necr           0%         N/A       97%         3
 Hailstorm                Conj/Ice       0%         3d5       97%         3
 Airstrike                Air            0%         2d(0-16)  100%        4
 Anguish                  Hex/Necr       0%         N/A       100%        4
 Summon Lightning Spire   Summ/Air       0%         N/A       100%        4


Dungeon Overview and Level Annotations

Branches:
Dungeon (5/15)             Temple (1/1) D:4

Altars:
Ashenzari
Cheibriados
Elyvilon
Fedhas
Gozag
Hepliaklqana
Makhleb
Nemelex Xobeh
Okawaru
Qazlal
Ru
Sif Muna
Trog
Uskayaw
Vehumet
Wu Jian
Xom
Yredelemnul
Zin
The Shining One

Shops:
D:3 =

Annotations:
D:5 Sigmund


Innate Abilities, Weirdness & Mutations

Your spellcasting is much less encumbered by armour.
You can use scrolls of enchantment on lesser artefacts.


Message History

Sigmund gestures at you while chanting.
The magic dart hits you but does no damage.
You block Sigmund's attack.
You hit Sigmund.
Sigmund is lightly wounded.
Sigmund gestures at you while chanting.
You easily resist.
You barely miss Sigmund.
Sigmund is lightly wounded.
Sigmund hits you with a +2 heavy scythe.
You hit Sigmund.
Sigmund is lightly wounded.
You block Sigmund's attack.
You barely miss Sigmund.
Sigmund is lightly wounded.
You hit Sigmund.
Sigmund is moderately wounded.
Sigmund hits you but does no damage.
You barely miss Sigmund.
Sigmund is moderately wounded.
You hit Sigmund.
Sigmund is moderately wounded.
Sigmund casts a spell.
Sigmund flickers and vanishes!
Deactivating autopickup; reactivate with Ctrl-A.
Something hits you!
You closely miss something. You barely miss something. Something hits you!
You barely miss something. You barely miss something. Something hits you!
You miss something. Something hits you!
* * * LOW HITPOINT WARNING * * *
You hit something. You hit something. Something hits you but does no damage.
You hit something. You miss something.
You hear some strange, mumbled words.
Something tries to affect you, but you resist.
You miss something. Something hits you!
You die...

#.....# #.....#
.#######.....#
.........#.###
########.#.#
#.#.# #.#.#
#.#.###########
#.#....@{.....#
#.###########.#
#..


There were no monsters in sight!

Vanquished Creatures
  A sky beast (D:4)
  A phantom (D:4)
  A gnoll sergeant (D:5)
  A scorpion (D:5)
  A hound (D:4)
  A jelly (D:4)
  A bombardier beetle (D:5)
  2 orc priests (D:5)
  2 sleepcaps (D:5)
  2 orc wizards (D:5)
  Robin (D:4)
  9 adders
  6 gnolls
  2 dart slugs
  2 ribbon worms
  13 orcs
  8 ball pythons
  7 endoplasms
  2 giant cockroaches
  9 hobgoblins
  2 kobolds
  4 quokkas
  2 bats
  2 frilled lizards
  14 goblins
  4 rats
100 creatures vanquished.

Notes
Turn   | Place    | Note
-------+----------+-------------------------------------------
     0 | D:1      | meliss the Mountain Dwarf Fighter began the quest for the
                  | Orb.
     0 | D:1      | Reached XP level 1. HP: 19/19 MP: 1/1
   211 | D:1      | Reached XP level 2. HP: 26/26 MP: 2/2
   908 | D:2      | Reached skill level 3 in Axes
   908 | D:2      | Reached XP level 3. HP: 32/33 MP: 3/3
  1037 | D:2      | Reached XP level 4. HP: 28/40 MP: 4/4
  1752 | D:3      | Found Qavvio Fory's Jewellery Emporium.
  1815 | D:3      | Found a faded altar of an unknown god.
  2209 | D:3      | Reached skill level 4 in Axes
  2213 | D:3      | Reached XP level 5. HP: 44/46 MP: 5/5
  2554 | D:4      | Noticed a phantom
  2560 | D:4      | Killed a phantom
  2561 | D:4      | Reached skill level 5 in Axes
  2626 | D:4      | Reached XP level 6. HP: 52/52 MP: 6/6
  2639 | D:4      | Noticed Robin
  2653 | D:4      | Killed Robin
  2680 | D:4      | Found a staircase to the Ecumenical Temple.
  2687 | Temple   | Entered the Ecumenical Temple
  3023 | Temple   | Became a worshipper of the Shining One
  3357 | D:4      | Noticed a sky beast
  3368 | D:4      | Killed a sky beast
  3369 | D:4      | Reached skill level 6 in Axes
  3873 | D:5      | Entered Level 5 of the Dungeon
  3873 | D:5      | Found the +7 Throatcutter {drain, coup de grace}
  3949 | D:5      | Was placed under penance by the Shining One
  3995 | D:5      | Reached XP level 7. HP: 44/60 MP: 7/7
  4001 | D:5      | Fell from the grace of the Shining One
  4002 | D:5      | Reached skill level 7 in Axes
  4163 | D:5      | Reached skill level 5 in Armour
  4267 | D:5      | Reached skill level 1 in Long Blades
  4308 | D:5      | Reached skill level 5 in Fighting
  4476 | Temple   | Became a worshipper of Zin the Law-Giver
  4476 | Temple   | Reached * piety under Zin
  4551 | D:5      | Was placed under penance by Zin
  5048 | D:5      | Noticed Sigmund
  5069 | D:5      | Slain by Sigmund

Illustrated notes

Levels and vault maps discovered:
D:1:      scummos_arrival_checkerplants, layout_basic, serial_rivers,
          chequers_serial_rivers_micro_d, chequers_serial_rivers_small_a,
          chequers_serial_rivers_small_b, chequers_serial_rivers_large_a,
          chequers_serial_rivers_marsh
D:2:      layout_basic
D:3:      layout_basic, serial_shops, nicolae_shop_crystal,
          basic_ecumenical_altar, kennysheep_generic_room_5
D:4:      layout_loops_ring, minmay_temple_entry_statues, uniq_robin
D:5:      layout_loops_ring, grunt_ministairs_1, minivault_27, uniq_sigmund
Temple:   mainiacjoe_temple_cubbyholes

Skill      XL: |  1  2  3  4  5  6  7 |
---------------+----------------------+-----
Axes           | 3 4 5 6 7 |  7.4
Fighting       | 4 5 |  5.1
Armour         | 4 5 |  5.2
Shields        | 4 |  4.1
Long Blades    | 2 |  2.0
Dodging        | |  0.1

Action                     |  1- 3 |  4- 6 |  7- 9 || total
---------------------------+-------+-------+-------++-------
  Melee: War axe           |    75 |   146 |       ||   221
         Long sword        |       |     6 |    25 ||    31
         Falchion          |       |       |    52 ||    52
    Use: Scroll            |       |     5 |     3 ||     8
         Potion            |       |       |     1 ||     1
 Armour: Scale mail        |    59 |   115 |     5 ||   179
         Ring mail         |       |       |    40 ||    40
  Dodge: Dodged            |    33 |    60 |    16 ||   109
  Block: Buckler           |    24 |    28 |     1 ||    53
         Kite shield       |       |       |    21 ||    21

Table legend: (Time is in decaauts)
 A = Elapsed time spent in this place.
 B = Non-inter-level travel time spent in this place.
 C = Inter-level travel time spent in this place.
 D = Time resting spent in this place.
 E = Time spent auto-exploring this place.
 F = Levels seen in this place.
 G = Mean time per level.
                   A        B        C        D        E       F      G
               +--------+--------+--------+--------+--------+-----+--------+
         Total |   5186 |   4362 |    824 |      0 |   3387 |   6 |  864.3 |
       Dungeon |   4693 |   4334 |    359 |      0 |   3387 |   5 |  938.6 |
        Temple |    492 |     27 |    465 |      0 |      0 |   1 |  492.0 |
               +--------+--------+--------+--------+--------+-----+--------+

Top non-repeatable levels by time:
     D:4: 1203 daAuts
     D:2: 964 daAuts
     D:5: 869 daAuts
     D:3: 851 daAuts
     D:1: 804 daAuts
  Temple: 492 daAuts
